 Dungeon Crawl Stone Soup version 0.25.1-2-g60ff931df9 (webtiles) character file.

Game seed: 4774300483472273926

93 Johnny the Digger (level 4, 0/33 HPs)
             Began as a Demigod Earth Elementalist on Oct 21, 2020.
             Killed from afar by Sigmund (11 damage)
             ... with a puff of flame
             ... on level 2 of the Dungeon.
             The game lasted 00:03:07 (2655 turns).

Johnny the Digger (Demigod Earth Elementalist)      Turns: 2655, Time: 00:03:07

Health: 0/33       AC:  2    Str: 11    XL:     4   Next: 15%
Magic:  10/10      EV: 12    Int: 21    God:
Gold:   83         SH:  0    Dex: 16    Spells: 7/8 levels left

rFire    . . .     SeeInvis .   j - +1 dagger (speed)
rCold    . . .     Gourm    .   (no shield)
rNeg     + . .     Faith    .   c - +0 robe
rPois    .         Spirit   .   (no helmet)
rElec    .         Reflect  .   (no cloak)
rCorr    .         Harm     .   (no gloves)
MR       .....                  (no boots)
Stlth    +.........             a - amulet of regeneration
HPRegen  0.51/turn              o - ring of positive energy
MPRegen  0.12/turn              (no ring)

@: confused
A: high mp 1
a: no special abilities


You were on level 2 of the Dungeon.
You were hungry.

You visited 1 branch of the dungeon, and saw 2 of its levels.

You collected 83 gold pieces.

Inventory:

Hand Weapons
 i - a +0 dagger
 j - a +1 dagger of speed (weapon)
Missiles
 b - 12 stones (quivered)
Armour
 c - a +0 robe (worn)
Jewellery
 a - an amulet of regeneration (around neck)
 o - a ring of positive energy (left hand)
 q - an uncursed amulet of faith
Scrolls
 e - 2 scrolls of fog
 g - a scroll of enchant weapon {unknown}
 l - a scroll of fear {unknown}
 m - 2 scrolls of enchant armour {unknown}
 t - 2 scrolls of remove curse
Potions
 h - a potion of stabbing
 n - 2 potions of might
 s - a potion of flight {unknown}
Comestibles
 d - 2 rations


   Skills:
 - Level 1.7 Dodging
 - Level 1.7 Stealth
 + Level 2.6 Spellcasting
   Level 0.8 Transmutations
 * Level 4.2 Earth Magic


You had 7 spell levels left.
You knew the following spells:

 Your Spells              Type           Power        Failure   Level  Hunger
a - Sandblast             Erth           ###...       2%          1    None

Your spell library contained the following spells:

 Spells                   Type           Power        Failure   Level  Hunger
 Passwall                 Tmut/Erth      ##......     8%          2    ##.....
 Stone Arrow              Conj/Erth      ##....       17%         3    ###....
 Petrify                  Tmut/Erth      ##......     43%         4    ####...
 Lee's Rapid Deconstruct  Erth           ###.......   56%         5    ######.


Dungeon Overview and Level Annotations

Branches:
Dungeon (2/15)

Annotations:
D:2 Robin, Sigmund


Innate Abilities, Weirdness & Mutations

You have an increased reservoir of magic. (+10% MP)


Message History

n - 2 potions of might
Okay, then.
Casting: Sandblast (safe; 2% risk of failure)
Confirm with . or Enter, or press ? or * to list all spells.
Aiming: Sandblast (safe; 2% risk of failure)
Press: ? - help, Shift-Dir - straight line, f - Sigmund
Aim: Sigmund, wielding a +2 scythe of flaming, wearing a +0 robe and carrying a wand of flame (19) (blue smoke)
The blast of sand hits Sigmund!
Sigmund is moderately wounded.
b - 12 stones Sigmund hits you from afar with a +2 scythe of flaming!
* * * LOW HITPOINT WARNING * * *
Sigmund burns you.
* * * LOW HITPOINT WARNING * * *
It was a potion of ambrosia.
You are confused.
You feel invigorated.
Sigmund points at you and mumbles some strange words.
The puff of flame hits you!
You die...

.##.........#..........##......#
###.........#........#...##....#
# #......####..........#...##..##
# #......# #.>.......)..........
# #......# #.............###..#.
# #......# #........@....###..#.
# #......# #######.........#..#.
####...### ########§<.......#..#.
.###...#####..§§@§@§........#..#.
)))...........§§§§§.#####>....##.
#####..#####.§.§§§§.'............
....##..## #.§§.....#####....####
....#.#..# #........# #....#
....#..#.# #........# #....#
....#..#.#########'### #....#
....#..#.............# #....#
#####..#.#########.#.# #....#


You could see Sigmund.

Vanquished Creatures
  3 adders (D:2)
  A dart slug (D:1)
  A leopard gecko (D:2)
  3 bats
  2 giant cockroaches (D:2)
  14 goblins
  8 hobgoblins
  4 jackals (D:1)
  6 kobolds
  3 quokkas (D:2)
  5 frilled lizards
  9 rats
59 creatures vanquished.

Notes
Turn   | Place    | Note
-------+----------+-------------------------------------------
     0 | D:1      | Johnny the Demigod Earth Elementalist began the quest for
                  | the Orb.
     0 | D:1      | Reached XP level 1. HP: 14/14 MP: 5/5
   269 | D:1      | Reached skill level 3 in Earth Magic
   489 | D:1      | Reached XP level 2. HP: 19/20 MP: 7/7
  1289 | D:2      | Noticed Sigmund
  1596 | D:2      | Reached XP level 3. HP: 25/26 MP: 3/9
  1975 | D:2      | Reached skill level 4 in Earth Magic
  2319 | D:2      | Reached XP level 4. HP: 33/33 MP: 5/10
  2413 | D:2      | Noticed Robin
  2655 | D:2      | Killed from afar by Sigmund

Illustrated notes

Levels and vault maps discovered:
D:1:      saegor_arrival_simple_d, layout_basic
D:2:      layout_basic, hangedman_decor_peaks_small, minmay_3d_cube,
          uniq_sigmund, uniq_robin

Skill      XL: |  1  2  3 |
---------------+----------+-----
Earth Magic    | 3 4 |  4.2
Spellcasting   | 2 |  2.6
Dodging        | |  1.7
Stealth        | |  1.7
Transmutations | |  0.8

Action                   |  1- 3 |  4- 6 || total
-------------------------+-------+-------++-------
Melee: Unarmed           |    11 |       ||    11
       Dagger            |   120 |       ||   120
 Cast: Sandblast         |    35 |    17 ||    52
  Use: Potion            |     2 |     1 ||     3
       Scroll            |       |     6 ||     6
 Stab: Sleeping          |     6 |       ||     6
  Eat: Chunk             |     5 |       ||     5
Armor: Robe              |    23 |       ||    23
Dodge: Dodged            |    96 |     3 ||    99
